 Dungeon Crawl Stone Soup version 0.29.1-13-g9f3cf754e1 (webtiles) character file.

Game seed: 3154242544315120382

441 sanboga the Chopper (level 6, 0/56 HPs)
             Began as a Minotaur Berserker on Jan 29, 2023.
             Was a Believer of Trog.
             Slain by Duvessa
             ... wielding a +0 rapier
              (6 damage)
             ... on level 5 of the Dungeon.
             The game lasted 00:02:22 (2559 turns).

sanboga the Chopper (Minotaur Berserker)            Turns: 2559, Time: 00:02:22

Health: 0/56       AC:  3    Str: 24    XL:     6   Next: 71%
Magic:  5/5        EV: 12    Int:  4    God:    Trog [**....]
Gold:   286        SH:  0    Dex:  9    Spells: 5/5 levels left

rFire   . . .      SeeInvis .   a - +0 hand axe
rCold   . . .      Faith    .   (no shield)
rNeg    . . .      Spirit   .   b - +0 animal skin
rPois   .          Reflect  .   (helmet restricted)
rElec   .          Harm     .   d - +0 cloak
rCorr   .          Rampage  .   (no gloves)
Will    .....                   (no boots)
Stlth   +.........              (no amulet)
HPRegen 0.18/turn               (no ring)
MPRegen 0.09/turn               (no ring)

@: about to teleport, on berserk cooldown, slowed, very slow
A: horns 2, retaliatory headbutt
a: Renounce Religion, Berserk, Trog's Hand


You were on level 5 of the Dungeon.
You worshipped Trog.
Trog was pleased with you.
You visited 1 branch of the dungeon, and saw 5 of its levels.

You collected 286 gold pieces.

Inventory:

Hand Weapons
 a - a +0 hand axe (weapon)
Armour
 b - a +0 animal skin (worn)
 d - a +0 cloak (worn)
Wands
 s - a wand of iceblast (1)
Scrolls
 c - a scroll of magic mapping {unknown}
 e - 3 scrolls of teleportation
 g - 4 scrolls of silence {unknown}
 k - 3 scrolls of fog {unknown}
 l - a scroll of noise {unknown}
 n - 2 scrolls of blinking {unknown}
 r - a scroll of identify {unknown}
 t - a scroll of immolation {unknown}
Potions
 f - a potion of berserk rage
 h - a potion of mutation {unknown}
 i - a potion of might {unknown}
 j - a potion of degeneration {unknown}
 m - 2 potions of curing {unknown}
 o - a potion of heal wounds {unknown}
 p - a potion of cancellation {unknown}
 q - a potion of attraction {unknown}


   Skills:
 + Level 5.5 Fighting
 * Level 7.0 Axes
 + Level 4.7 Armour
 - Level 2.1 Dodging


You had 5 spell levels left.
You didn't know any spells.
Your spell library was empty.

Dungeon Overview and Level Annotations

Branches:
Dungeon (6/15)
 Temple: D:4-7

Altars:
Elyvilon
Okawaru

Annotations:
D:5 Dowan, Duvessa


Innate Abilities, Weirdness & Mutations

You have a pair of horns on your head.
You reflexively headbutt those who attack you in melee.


Message History

Trog accepts your kill.
You slash the shadow imp!
You kill the shadow imp!
Trog accepts your kill.
Your life force feels restored.
You have reached level 6!
Duvessa, Sister of Dowan comes into view.
She is wielding a +0 rapier.
Duvessa shouts!
You hear an angry hiss.
You feel a strong urge to attack something.
A water moccasin comes into view.
Dowan, Brother of Duvessa comes into view.
He is wielding a +1 dagger of venom.
Dowan says, "Magic and the sword, together, will defeat you."
You hear a distant slurping noise.
You slash the water moccasin!
The water moccasin is moderately wounded.
The water moccasin misses you. You furiously retaliate!
You headbutt the water moccasin! You barely miss the water moccasin.
The water moccasin is severely wounded.
The water moccasin misses you.
A jelly comes into view.
You hit the water moccasin.
You kill the water moccasin!
Trog accepts your kill.
You hit Duvessa.
You are no longer berserk.
You are exhausted.
You feel yourself slow down. Duvessa hits you with a +0 rapier.
* * * LOW HITPOINT WARNING * * *
Your Axes skill increases to level 7!
As you read the scroll labelled GADA KOCWEPH, it crumbles to dust.
You feel strangely unstable.
It was a scroll of teleportation.
Duvessa hits you with a +0 rapier.
* * * LOW HITPOINT WARNING * * *
It was a potion of berserk rage.
You're still recovering from your berserk rage.
Duvessa hits you with a +0 rapier.
* * * LOW HITPOINT WARNING * * *
Duvessa hits you with a +0 rapier.
You die...

#.....##...####
#.............. ###
#........####.. ..
##.............. ..
........######..
.###.###.#.# #..
..#.....#.######.# #†#
####.......#.# #@#
#..........
...####e######..........
.......e..........).....
...####J#############...
.... ...... ###.##
####.. ... .....) ##.
...... . ......


You could see Duvessa, Dowan and a jelly.

Vanquished Creatures
  A water moccasin (D:5)
  A phantom (D:5)
  A necrophage (D:5)
  A jelly (D:6)
  A hound (D:5)
  Jessica (D:3)
  3 gnolls (D:3)
  An adder (D:5)
  A shadow imp (D:5)
  An ufetubus (D:6)
  A worm (D:2)
  3 dart slugs
  An orc (D:3)
  4 ball pythons
  5 endoplasms
  A giant cockroach (D:1)
  7 goblins
  3 hobgoblins
  2 jackals (D:3)
  7 kobolds
  3 quokkas
  3 bats
  3 frilled lizards
  3 rats (D:1)
  A toadstool (D:1)
59 creatures vanquished.

Vanquished Creatures (others)
  A fungus (D:1)
  3 toadstools (D:1)
4 creatures vanquished.

Grand Total: 63 creatures vanquished

Notes
Turn   | Place    | Note
-------+----------+-------------------------------------------
     0 | D:1      | sanboga the Minotaur Berserker began the quest for the Orb.
     0 | D:1      | Reached XP level 1. HP: 19/19 MP: 0/0
   145 | D:1      | Reached skill level 4 in Axes
   204 | D:1      | Reached XP level 2. HP: 27/27 MP: 1/1
   866 | D:2      | Reached XP level 3. HP: 28/33 MP: 2/2
   868 | D:2      | Reached ** piety under Trog
  1471 | D:3      | Found an iron altar of Okawaru.
  1474 | D:3      | Found a white marble altar of Elyvilon.
  1511 | D:3      | Reached XP level 4. HP: 40/40 MP: 3/3
  1516 | D:3      | Reached skill level 5 in Axes
  1656 | D:3      | Noticed Jessica
  1660 | D:3      | Killed Jessica
  2104 | D:3      | You fall into a shaft and drop 3 floors!
  2229 | D:6      | Reached XP level 5. HP: 43/47 MP: 4/4
  2250 | D:5      | Entered Level 5 of the Dungeon
  2270 | D:5      | Noticed a phantom
  2283 | D:5      | Killed a phantom
  2284 | D:5      | Reached skill level 5 in Fighting
  2284 | D:5      | Reached skill level 6 in Axes
  2552 | D:5      | Reached XP level 6. HP: 29/56 MP: 5/5
  2552 | D:5      | Noticed Duvessa
  2553 | D:5      | Noticed a water moccasin
  2553 | D:5      | Noticed Dowan
  2557 | D:5      | Killed a water moccasin
  2558 | D:5      | Reached skill level 7 in Axes
  2559 | D:5      | Slain by Duvessa

Illustrated notes

Levels and vault maps discovered:
D:1:      lemuel_arrival_cross, layout_rooms,
          nicolae_concentric_dashed_squares_wild, minmay_gold_behind_fungi,
          minmay_misc_feat_diagonals, minmay_tromino_mix6
D:2:      layout_rooms
D:3:      layout_loops_cross, nicolae_overflow_squiral, uniq_grinder,
          uniq_jessica
D:5:      layout_basic, uniq_duvessa
D:6:      layout_basic, serial_shops, nicolae_shop_bloodbath_and_beyond,
          grunt_ministairs_2

Skill      XL: |  1  2  3  4  5  6 |
---------------+-------------------+-----
Axes           | 4 5 6 7 |  7.0
Fighting       | 4 5 |  5.5
Armour         | 3 4 |  4.7
Dodging        | |  2.1

Action                   |  1- 3 |  4- 6 || total
-------------------------+-------+-------++-------
Melee: Hand axe          |    73 |    47 ||   120
       Headbutt          |     9 |     6 ||    15
Invok: Berserk           |     1 |     1 ||     2
  Use: Scroll            |       |     1 ||     1
       Potion            |       |     1 ||     1
Armor: Animal skin       |    15 |     3 ||    18
Dodge: Dodged            |    49 |    27 ||    76
